 Dungeon Crawl Stone Soup version 0.30.1-9-gdf580d7c3d (webtiles) character file.

Game seed: 14870591419121008205

40 KittyFluff the Trooper (level 3, -1/34 HPs)
             Began as a Gargoyle Berserker on Oct 7, 2023.
             Was a Believer of Trog.
             Slain by Sigmund
             ... wielding a +0 scythe
              (6 damage)
             ... on level 2 of the Dungeon.
             The game lasted 00:04:50 (1397 turns).

KittyFluff the Trooper (Gargoyle Berserker)         Turns: 1397, Time: 00:04:51

Health: -1/34      AC:  6    Str: 22    XL:     3   Next: 50%
Magic:  3/3        EV: 11    Int:  7    God:    Trog [**....]
Gold:   67         SH:  0    Dex:  9    Spells: 2/2 levels left

rFire   + . .        a - +0 mace
rCold   . . .        (no shield)
rNeg    + . .        l - +0 leather armour
rPois   ∞            (no helmet)
rElec   +            (no cloak)
rCorr   .            (no gloves)
SInv    .            (no boots)
Will    .....        (no amulet) Stlth
                     c - ring of protection from fire
HPRegen 0.25/turn    (no ring)
MPRegen 0.08/turn

%: no passive effects
@: berserking, very quick
A: sickness immunity, AC +3, negative energy resistance 1, electricity
resistance, torment resistance 1, petrification resistance
a: Renounce Religion, Berserk, Trog's Hand


You were on level 2 of the Dungeon.
You worshipped Trog.
Trog was pleased with you.
You visited 1 branch of the dungeon, and saw 2 of its levels.

You collected 67 gold pieces.

Inventory:

Hand Weapons
 a - a +0 mace (weapon)
 b - a +0 morningstar
Missiles
 k - 5 poisoned darts (quivered)
Armour
 l - a +0 leather armour (worn)
Jewellery
 c - a ring of protection from fire (left hand)
Scrolls
 d - a scroll of teleportation {unknown}
 i - a scroll of noise {unknown}
Potions
 e - 2 potions of invisibility {unknown}
 f - a potion of magic {unknown}
 g - a potion of curing {unknown}
 h - 3 potions of mutation {unknown}
 j - a potion of resistance {unknown}


   Skills:
 + Level 3.6 Fighting
 * Level 3.5 Maces & Flails
 * Level 3.0 Armour
 + Level 1.9 Dodging


You had 2 spell levels left.
You didn't know any spells.
Your spell library was empty.

Dungeon Overview and Level Annotations

Branches:
Dungeon (2/15)

Altars:

Annotations:
D:2 Sigmund


Innate Abilities, Weirdness & Mutations

You are immune to sickness and miasma.
Your stone body is resilient. (AC +3)
You are immune to poison.
You resist negative energy. (rN+)
You are resistant to electric shocks. (rElec)
You are resistant to unholy torment.
You are immune to petrification.


Message History

Trog accepts your kill.
Your Armour skill increases to level 3!
You see here a hobgoblin corpse.
Sigmund, a hobgoblin and a kobold come into view.
Sigmund shouts!
The kobold shouts!
Throw: 6 darts (poison)
Press: ? - help, Q - select action, (/) - cycle Shift-Dir - straight line, f - Sigmund
Aim: Sigmund, wielding a +0 scythe and wearing a +0 robe (50% to hit)
You throw a poisoned dart.
The poisoned dart completely misses Sigmund.
Sigmund gestures at you while chanting.
You are confused.
Sigmund barely misses you.
You bump into the rock wall.
Sigmund barely misses you.
The kobold drinks a potion.
The kobold seems to speed up.
You are too confused!
You miss Sigmund.
You feel less confused. Sigmund gestures at you while chanting.
The magic dart hits you. Sigmund barely misses you.
You hit Sigmund.
Sigmund is moderately wounded.
You hit Sigmund.
Sigmund is moderately wounded.
Sigmund gestures wildly while chanting.
Sigmund flickers and vanishes!
Deactivating autopickup; reactivate with Ctrl-A.
You closely miss something. Something hits you but does no damage.
You closely miss something.
You hear some strange, mumbled words.
Something tries to affect you, but you resist.
You miss something. Something hits you.
You barely miss something. Something hits you!
* * * LOW HITPOINT WARNING * * *
A red film seems to cover your vision as you go berserk!
You feel yourself moving faster!
You feel mighty! Something hits you.
* * * LOW HITPOINT WARNING * * *
You closely miss something. You barely miss something. Something hits you.
You die...

##################
#........@{g.....'
#####......####K....##
#..†.......# ....(#
##.########## .....#
#..# @....# ###.##
.Kg..# ....# .....#
.#### .....#
################


You could see a hobgoblin and a kobold (fast).

Vanquished Creatures
  A worm (D:2)
  A dart slug (D:1)
  3 orcs (D:2)
  4 ball pythons (D:1)
  4 endoplasms
  3 giant cockroaches
  4 hobgoblins
  3 bats
  3 frilled lizards
  2 goblins
  A rat (D:1)
29 creatures vanquished.

Notes
Turn   | Place    | Note
-------+----------+-------------------------------------------
     0 | D:1      | KittyFluff the Gargoyle Berserker began the quest for the
                  | Orb.
     0 | D:1      | Reached XP level 1. HP: 14/14 MP: 1/1
   407 | D:1      | Reached XP level 2. HP: 19/19 MP: 2/2
  1098 | D:2      | Reached XP level 3. HP: 14/23 MP: 3/3
  1197 | D:2      | Reached ** piety under Trog
  1379 | D:2      | Noticed Sigmund
  1397 | D:2      | Slain by Sigmund

Illustrated notes

Levels and vault maps discovered:
D:1:      lightli_arrival_farm, layout_basic, wad_floor_pattern_untrapped,
          nicolae_figureground_pulse
D:2:      layout_basic, basic_ecumenical_altar, uniq_sigmund

Skill      XL: |  1  2  3 |
---------------+----------+-----
Armour         | 3 |  3.0
Fighting       | |  3.6
Maces & Flails | |  3.5
Dodging        | |  1.9

Action                     || total
---------------------------++-------
  Melee: Mace              ||   115
         Punch             ||     2
  Throw: Dart              ||     1
 Invoke: Berserk           ||     2
 Armour: Animal skin       ||    25
         Leather armour    ||     5
  Dodge: Dodged            ||    72
